 Dungeon Crawl Stone Soup version 0.31.0-11-ge490571c62 (webtiles) character file.

Game seed: 9477308580008349304

58 Zeia the Conjurer (level 3, -6/26 HPs)
             Began as a Draconian Conjurer on Jan 30, 2024.
             Killed by divine providence
             ... invoked by an orc priest
              (10 damage)
             ... on level 2 of the Dungeon.
             The game lasted 00:04:46 (1513 turns).

Zeia the Conjurer (Draconian Conjurer)              Turns: 1513, Time: 00:04:47

Health: -6/26      AC:  5    Str:  9    XL:     3   Next: 75%
Magic:  5/7        EV: 12    Int: 20    God:
Gold:   91         SH:  0    Dex:  9    Spells: 7/8 levels left

rFire   . . .        g - +2 dagger (venom)
rCold   . . .        (no shield)
rNeg    . . .        (body armour unavailable)
rPois   .            (helmet restricted)
rElec   .            (no cloak)
rCorr   .            (no gloves)
SInv    .            (no boots)
Will    .....        (no amulet)
Stlth   ++           (no ring)
HPRegen 0.24/turn    (no ring)
MPRegen 0.10/turn

%: no passive effects
@: no status effects
A: AC +5, unfitting armour, cold-blooded
a: no special abilities


You were on level 2 of the Dungeon.
You visited 1 branch of the dungeon, and saw 3 of its levels.

You collected 91 gold pieces.

Inventory:

Hand Weapons
 c - a +0 falchion
 d - a +0 short sword of speed
 g - a +2 dagger of venom (weapon)
Jewellery
 e - a ring of fire
 f - an amulet of faith
Scrolls
 b - a scroll of immolation {unknown}
Potions
 a - a potion of magic


   Skills:
 - Level 1.7 Dodging
 - Level 1.7 Stealth
 + Level 3.1 Spellcasting
 + Level 4.7 Conjurations


You had 7 spell levels left.
You knew the following spells:

 Your Spells              Type           Power      Damage    Failure   Level
a - Magic Dart            Conj           88%        1d7       1%          1

Your spell library contained the following spells:

 Spells                   Type           Power      Damage    Failure   Level
 Searing Ray              Conj           44%        2d6       3%          2
 Blink                    Tloc           6%         N/A       22%         2
 Call Imp                 Summ           6%         N/A       22%         2
 Fulminant Prism          Conj/Alch      6%         3d7       47%         4
 Iskenderun's Mystic Bla  Conj/Tloc      12%        2d5       47%         4


Dungeon Overview and Level Annotations

Branches:
Dungeon (3/15)

Altars:
Ru

Shops:
D:1 [


Innate Abilities, Weirdness & Mutations

Your plain brown scales are hard. (AC +5)
You cannot fit into any form of body armour.
You are cold-blooded and may be slowed by cold attacks.


Message History

The hobgoblin is moderately wounded.
You feel sick.
You are no longer poisoned.
The hobgoblin misses you.
You hit the hobgoblin.
The hobgoblin is severely wounded.
The hobgoblin hits you but does no damage.
You barely miss the hobgoblin.
Your tail-slap misses the hobgoblin.
The hobgoblin is severely wounded.
The orc priest looks braver for a moment.
The hobgoblin barely misses you.
You closely miss the hobgoblin.
The hobgoblin is severely wounded.
The orc priest hits you with a +0 whip.
The hobgoblin hits you but does no damage.
You barely miss the hobgoblin.
The hobgoblin is severely wounded.
The orc priest closely misses you. The hobgoblin misses you.
You hit the orc priest but do no damage.
The orc priest is poisoned.
The orc priest mumbles some strange prayers to Beogh against you.
Pain shoots through your body!
Ouch! That really hurt!
* * * LOW HITPOINT WARNING * * *
The hobgoblin misses you.
Casting: Magic Dart (safe; 1% risk of failure)
Confirm with . or Enter, or press ? or * to list all spells.
Okay, then.
You hit the hobgoblin.
You kill the hobgoblin!
The orc priest hits you with a +0 whip.
* * * LOW HITPOINT WARNING * * *
Aiming: Magic Dart (safe; 1% risk of failure)
Press: ? - help, Q - select action Shift-Dir - straight line, f - orc priest
Aim: an orc priest, wielding a +0 whip and wearing a +0 ring mail (moderately wounded, very poisoned, 100% to hit)
The magic dart hits the orc priest.
The orc priest is moderately wounded.
The orc priest invokes the aid of Beogh against you.
Beogh smites you!
You die...

..##.#.## ##.#..# ##. ....#..##
###..##.##.. ##......#
##...###.... ........####.÷###
#...# #.#<.....#..######...# #
###.##.#..)............# #.
###.........!...######.#.###
#.##....###....o...##..........
##.....†.......@(...##g##.......
##.......#########......#........
#.......###........(...##........
#.......##..~...~...##.>.........
#.......#$............###........
##......#⌠............ #........
........#$............. .........
.#.###..##..~..o~..... . ##.
#..###...........


You could see an orc priest (very poisoned).

Vanquished Creatures
  An adder (D:2)
  A ribbon worm (D:2)
  An orc (D:2)
  2 bats (D:1)
  3 endoplasms
  2 giant cockroaches
  4 goblins
  3 hobgoblins (D:2)
  6 jackals (D:1)
  2 quokkas
  3 ball pythons
  2 frilled lizards (D:1)
  7 kobolds
  3 rats
40 creatures vanquished.

Notes
Turn   | Place    | Note
-------+----------+-------------------------------------------
     0 | D:1      | Zeia the Draconian Conjurer began the quest for the Orb.
     0 | D:1      | Reached XP level 1. HP: 14/14 MP: 3/3
    12 | D:1      | Found Suixkuirr's Antique Armour Shoppe.
   259 | D:1      | Reached XP level 2. HP: 20/20 MP: 1/5
   441 | D:1      | Found a faded altar of an unknown god.
   851 | D:1      | Reached XP level 3. HP: 26/26 MP: 5/7
  1220 | D:2      | You fall into a shaft and drop 1 floor!
  1351 | D:2      | Found a sacrificial altar of Ru.
  1513 | D:2      | Killed from afar by an orc priest

Illustrated notes

Levels and vault maps discovered:
D:1:      dpeg_arrival_lava_altar, layout_rooms, serial_shops,
          nicolae_shop_rolling_square, hellmonk_ecumenical_altar_inner_sanctum,
          minmay_tiny_reverse_x
D:2:      cheibrodos_pilgrimage, layout_rooms, basic_altar
D:3:      layout_basic, okawaru_trees_2, roderic_cross_of_infinity, uniq_robin

Skill      XL: |  1  2  3 |
---------------+----------+-----
Spellcasting   | 3 |  3.1
Dodging        | |  1.7
Stealth        | |  1.7
Conjurations   | |  4.7

Action                     || total
---------------------------++-------
  Melee: Falchion          ||    12
         Tailslap          ||     8
         Short sword       ||    31
         Dagger            ||    28
   Cast: Magic Dart        ||    51
 Armour: Skin              ||    39
  Dodge: Dodged            ||    41
